[Event "*** SCC Grand Prix: Titled Tuesday Blitz"]
[Site "Chess.com"]
[Date "2020.06.02"]
[Round "9"]
[White "ferdipy"]
[Black "bait_or_mate"]
[Result "0-1"]
[WhiteElo "2366"]
[BlackElo "2550"]
[TimeControl "180+1"]
[EndTime "11:43:51 PDT"]
[Termination "bait_or_mate won by resignation"]

1. e4 c5 2. d4 cxd4 3. c3 dxc3 4. Nxc3 Nc6 5. Bc4 e6 6. Nf3 Qc7 7. O-O Nf6 8. Qe2 Ng4 9. g3 Nge5 10. Bb3 Be7 11.
Bf4 d6 12. Rac1 a6 13. Nd5 exd5 14. exd5 O-O 15. dxc6 Nxc6 16. Nd4 Nxd4 17. Qd3 Nc6 18. Bc2 g6 19. Bh6 Bf6 20. Qc3 Bxc3 0-1

[Event "*** SCC Grand Prix: Titled Tuesday Blitz"]
[Site "Chess.com"]
[Date "2020.06.02"]
[Round "9"]
[White "Dmitry_Konenkin"]
[Black "WiktoriaPOL"]
[Result "1-0"]
[WhiteElo "2296"]
[BlackElo "2035"]
[TimeControl "180+1"]
[EndTime "11:43:52 PDT"]
[Termination "Dmitry_Konenkin won by resignation"]

1. d4 Nf6 2. Bg5 Ne4 3. Bh4 d5 4. f3 g5 5. fxe4 gxh4 6. exd5 Qxd5 7. Nc3 Qg5 8. Nf3 Qe3 9. Nd5 Qe4 10. Nxc7+ Kd8 11.
Nxa8 Bh6 12. Qd3 Qc6 13. Ne5 Qf6 14. Qc4 Nc6 15. Nxf7+ Ke8 16. Nc7+ Kf8 17. Nxh8 Be3 18. Qf7+ Qxf7 19. Nxf7 Kxf7 20. c3 e6 21. Nb5 Ke7 22. g3 Bg5 1-0

[Event "*** SCC Grand Prix: Titled Tuesday Blitz"]
[Site "Chess.com"]
[Date "2020.06.02"]
[Round "9"]
[White "RaunakSadhwani2005"]
[Black "DenisQ"]
[Result "1-0"]
[WhiteElo "2893"]
[BlackElo "2608"]
[TimeControl "180+1"]
[EndTime "11:44:10 PDT"]
[Termination "RaunakSadhwani2005 won by resignation"]

1. e4 c6 2. Nf3 d5 3. d3 dxe4 4. dxe4 Qxd1+ 5. Kxd1 Bg4 6. Be2 Nd7 7. Ne1 Bxe2+ 8. Kxe2 e5 9. a4 Bc5 10. Nd3 a5 11.
Nd2 f6 12. Nc4 Be7 13. Bd2 b6 14. Be3 Bd8 15. c3 Bc7 16. b4 axb4 17. cxb4 Ne7 18. b5 Kf7 19. Nb4 c5 20. Na6 Rhc8 21. Rhd1 Ke8 22.
Nxc7+ Rxc7 23. Rxd7 Rxd7 24. Nxb6 1-0

[Event "*** SCC Grand Prix: Titled Tuesday Blitz"]
[Site "Chess.com"]
[Date "2020.06.02"]
[Round "9"]
[White "Igor_Lysyj"]
[Black "Gennady_Kozlov"]
[Result "1-0"]
[WhiteElo "2757"]
[BlackElo "2566"]
[TimeControl "180+1"]
[EndTime "11:44:14 PDT"]
[Termination "Igor_Lysyj won by resignation"]

1. d4 e6 2. e4 d5 3. exd5 exd5 4. Nf3 Bd6 5. c4 c6 6. Nc3 Ne7 7. cxd5 cxd5 8. Bd3 O-O 9. O-O Bf5 10. Bxf5 Nxf5 11. Qb3 Nc6 12. Qxb7 Ncxd4 13. Nxd4 Nxd4 14. Qxd5 Ne2+ 15. Kh1 Nxc3 16. bxc3 Rc8 17. Be3 Qc7 18. Rac1 Bxh2 19.
g3 Bxg3 20. fxg3 Qxg3 21. Rf3 Qh4+ 22. Kg2 Rb8 23. Bf2 Qg4+ 24. Rg3 Qe2 25. Re1 Qb2 26. Qe5 f6 27. Qd5+ Kh8 28. Rh1 Rbd8 29. Rxh7+ 1-0

[Event "*** SCC Grand Prix: Titled Tuesday Blitz"]
[Site "Chess.com"]
[Date "2020.06.02"]
[Round "9"]
[White "swimmerchess"]
[Black "SketchyMoves"]
[Result "1-0"]
[WhiteElo "2825"]
[BlackElo "2654"]
[TimeControl "180+1"]
[EndTime "11:44:18 PDT"]
[Termination "swimmerchess won by checkmate"]

1. e4 c6 2. d4 d5 3. e5 Bf5 4. c4 e6 5. Nc3 Ne7 6. Nge2 dxc4 7.
Ng3 Bd3 8. Bxd3 cxd3 9. Qxd3 Nd7 10. Qe2 Nb6 11. Be3 Ned5 12. O-O Be7 13. Nce4 O-O 14. Rad1 a5 15. Bc1 a4 16. a3 Nd7 17. Qg4 Kh8 18.
Nh5 Rg8 19. Rd3 Qe8 20. Rh3 f5 21. exf6 N7xf6 22. Nhxf6 Nxf6 23. Qxe6 Qg6 24. Ng5 Rge8 25. Nf7+ Kg8 26. Ne5+ Kf8 27. Nxg6+ hxg6 28. Rh8+ Ng8 29. Rxg8# 1-0

[Event "*** SCC Grand Prix: Titled Tuesday Blitz"]
[Site "Chess.com"]
[Date "2020.06.02"]
[Round "9"]
[White "latixxa"]
[Black "NemtsevIgor"]
[Result "1-0"]
[WhiteElo "2167"]
[BlackElo "2279"]
[TimeControl "180+1"]
[EndTime "11:44:20 PDT"]
[Termination "latixxa won by resignation"]

1. d4 c6 2. Nf3 h6 3. Bf4 d6 4. e4 g5 5. Be3 Bg7 6. Nc3 Nd7 7. h4 g4 8. Nh2 g3 9. fxg3 h5 10. g4 hxg4 11. Qxg4 Kf8 12. Qg3 b5 13. Bd3 Ndf6 14. O-O-O Qa5 15. Kb1 b4 16. Ne2 Rb8 17.
Rhf1 Be6 18. b3 c5 19. Nf4 cxd4 20. Bxd4 Nh5 21. Nxe6+ Ke8 22. Nxg7+ Nxg7 23. Qxg7 1-0

[Event "*** SCC Grand Prix: Titled Tuesday Blitz"]
[Site "Chess.com"]
[Date "2020.06.02"]
[Round "9"]
[White "abfchess"]
[Black "Nara_Kh"]
[Result "1-0"]
[WhiteElo "2121"]
[BlackElo "2305"]
[TimeControl "180+1"]
[EndTime "11:44:28 PDT"]
[Termination "abfchess won by resignation"]

1. d4 g6 2. Nf3 Bg7 3. c3 d6 4.
Bg5 Nf6 5. Nbd2 O-O 6. e4 Nc6 7.
Be2 e5 8. dxe5 dxe5 9. O-O Qe7 10.
Qc2 h6 11. Bh4 Be6 12. Rfe1 Rad8 13. Bc4 Bxc4 14. Nxc4 Qc5 15. Ne3 a5 16. Rad1 Rxd1 17. Rxd1 Re8 18. Bg3 Nh5 19. Nd5 Nxg3 20. hxg3 Ne7 21.
Nxe7+ Rxe7 22. Qd3 Kh7 23. Qd5 Qb6 24. Qd8 Re6 25.
Rd7 Qxb2 26. Rxf7 Qxc3 27. Qd7 1-0

[Event "*** SCC Grand Prix: Titled Tuesday Blitz"]
[Site "Chess.com"]
[Date "2020.06.02"]
[Round "9"]
[White "GothamChess"]
[Black "Aleksandar-Topalov"]
[Result "0-1"]
[WhiteElo "2599"]
[BlackElo "2460"]
[TimeControl "180+1"]
[EndTime "11:44:29 PDT"]
[Termination "Aleksandar-Topalov won on time"]

1. e4 e6 2. b3 d5 3. Bb2 Nf6 4. e5 Ng8 5. h4 h5 6. Nf3 Ne7 7. Ng5 b6 8. Bb5+ c6 9. Be2 Ba6 10. Bxh5 g6 11. Qf3 Nf5 12. Nxe6 Nxh4 13. Qg3 Rxh5 14. d3 fxe6 0-1

[Event "*** SCC Grand Prix: Titled Tuesday Blitz"]
[Site "Chess.com"]
[Date "2020.06.02"]
[Round "9"]
[White "sopo-tereladze"]
[Black "talaicito"]
[Result "1-0"]
[WhiteElo "2339"]
[BlackElo "2128"]
[TimeControl "180+1"]
[EndTime "11:44:31 PDT"]
[Termination "sopo-tereladze won by resignation"]

1. e4 e5 2. Nf3 Nc6 3. Bc4 Nf6 4. d3 Bc5 5. O-O h6 6. Be3 d6 7. h3 O-O 8. Nbd2 Bb6 9. c3 Be6 10. Bb3 Bxb3 11. Qxb3 d5 12. Bxb6 axb6 13. Rfe1 dxe4 14. Nxe4 Nxe4 15. dxe4 Qf6 16. Rad1 Rfd8 17. Rxd8+ Rxd8 18. Rd1 Qe7 19. Rd5 Rxd5 20. exd5 Nd8 21. c4 Kh8 22. Qe3 f6 23. Nh4 Kg8 24. Nf5 Qd7 25. Qe4 Nf7 26. Qg4 Ng5 27. Nxh6+ 1-0

[Event "*** SCC Grand Prix: Titled Tuesday Blitz"]
[Site "Chess.com"]
[Date "2020.06.02"]
[Round "9"]
[White "lelajavakhishvili"]
[Black "vanImpe"]
[Result "1-0"]
[WhiteElo "2482"]
[BlackElo "2331"]
[TimeControl "180+1"]
[EndTime "11:44:41 PDT"]
[Termination "lelajavakhishvili won by resignation"]

1. Nf3 g6 2. g3 Bg7 3. Bg2 Nf6 4.
c4 O-O 5. O-O d6 6. d4 Ne4 7.
Nbd2 Nxd2 8. Bxd2 e5 9. dxe5 dxe5 10. Bc3 Nc6 11. Nd2 Be6 12. Bxc6 bxc6 13. Qc2 Bf5 14.
Qa4 e4 15. Bxg7 Kxg7 16. Rfd1 e3 17. fxe3 Qe7 18. Nf1 c5 19. Qc6 Rab8 20. b3 Rb6 21. Qf3 Rf6 22. e4 Bxe4 23. Qc3 Kg8 24. Ne3 c6 25.
Ng4 Kg7 26. Rf1 Bf5 27. Nxf6 Qxf6 28. Qxf6+ Kxf6 29. e4 1-0

[Event "*** SCC Grand Prix: Titled Tuesday Blitz"]
[Site "Chess.com"]
[Date "2020.06.02"]
[Round "9"]
[White "szachuspl"]
[Black "Volodar_Murzin"]
[Result "0-1"]
[WhiteElo "2530"]
[BlackElo "2703"]
[TimeControl "180+1"]
[EndTime "11:44:50 PDT"]
[Termination "Volodar_Murzin won by resignation"]

1. d4 Nf6 2. c4 g6 3. Nc3 Bg7 4. e4 O-O 5. Nf3 d6 6. Be2 e5 7.
Be3 Nc6 8. d5 Ne7 9. Nd2 b6 10.
b4 a5 11. a3 h5 12. h3 Nh7 13. f3 f5 14. Nb3 axb4 15. axb4 Rxa1 16. Qxa1 g5 17.
Kd2 Ng6 18. Nb5 g4 19. hxg4 hxg4 20. Rh5 fxe4 21. fxe4 Nf6 22. Rh2 Nxe4+ 23. Ke1 Nf4 24. Bf1 g3 25. Rh1 Nf2 26. Rg1 Qh4 27. Nd2 Bg4 28. Nxc7 N2d3+ 0-1

[Event "*** SCC Grand Prix: Titled Tuesday Blitz"]
[Site "Chess.com"]
[Date "2020.06.02"]
[Round "9"]
[White "AlexOstrovskiy"]
[Black "Terao90"]
[Result "1-0"]
[WhiteElo "2534"]
[BlackElo "2315"]
[TimeControl "180+1"]
[EndTime "11:44:51 PDT"]
[Termination "AlexOstrovskiy won by resignation"]

1. d4 Nf6 2. Bf4 e6 3. e3 b6 4. Nd2 Bb7 5. Ngf3 Be7 6. Bd3 O-O 7. c3 c5 8. Nc4 cxd4 9. exd4 d6 10. O-O Qc7 11. h3 Nbd7 12. Bh2 b5 13. Ncd2 a6 14.
a4 bxa4 15. Qxa4 Rfc8 16. Qa5 Nb6 17. c4 Bxf3 18. gxf3 Qb7 19. b3 Bd8 20. Qa3 d5 21. c5 Nbd7 22. b4 Nb8 23. b5 1-0

[Event "*** SCC Grand Prix: Titled Tuesday Blitz"]
[Site "Chess.com"]
[Date "2020.06.02"]
[Round "9"]
[White "Campelov"]
[Black "LileKoridze"]
[Result "0-1"]
[WhiteElo "2161"]
[BlackElo "2309"]
[TimeControl "180+1"]
[EndTime "11:44:51 PDT"]
[Termination "LileKoridze won on time"]

1. d4 Nf6 2. Nf3 d5 3. c4 e6 4. e3 Bb4+ 5. Nc3 O-O 6. Bd2 Be7 7. Bd3 c6 8. O-O b6 9. Rc1 Bb7 10. b3 Nbd7 11. Bb1 Rc8 12. Re1 c5 13. e4 cxd4 14.
Nxd4 dxe4 15. Nxe4 Nxe4 16. Bxe4 Bxe4 17. Rxe4 Nf6 18.
Rh4 Ba3 19. Rb1 e5 20. Nf3 e4 21. Ne5 Qd3 0-1

[Event "*** SCC Grand Prix: Titled Tuesday Blitz"]
[Site "Chess.com"]
[Date "2020.06.02"]
[Round "9"]
[White "gm_rashid"]
[Black "VladimirBugayev"]
[Result "0-1"]
[WhiteElo "2331"]
[BlackElo "2187"]
[TimeControl "180+1"]
[EndTime "11:44:54 PDT"]
[Termination "VladimirBugayev won on time"]

1. e4 c6 2. d4 d5 3. Nc3 dxe4 4. Nxe4 Bf5 5. Ng3 Bg6 6. Nf3 Nd7 7. h4 h6 8. h5 Bh7 9. Bd3 Bxd3 10. Qxd3 e6 11. Bd2 Ngf6 12. O-O-O Be7 13. Kb1 Qb6 14. c4 c5 15. d5 exd5 16. Nf5 Kf8 17. Nxe7 Kxe7 0-1

[Event "*** SCC Grand Prix: Titled Tuesday Blitz"]
[Site "Chess.com"]
[Date "2020.06.02"]
[Round "9"]
[White "Charlottemillard17"]
[Black "PavelChernomordik"]
[Result "0-1"]
[WhiteElo "1510"]
[BlackElo "2260"]
[TimeControl "180+1"]
[EndTime "11:44:54 PDT"]
[Termination "PavelChernomordik won by checkmate"]

1. e4 g6 2. d4 Bg7 3. Nf3 d6 4. c4 Bg4 5. Be2 Nc6 6. d5 Bxf3 7.
Bxf3 Nd4 8. Nc3 Nxf3+ 9. Qxf3 Nf6 10. O-O O-O 11. Qh3 c6 12. Bh6 Qb6 13. Bxg7 Kxg7 14. b3 Rfe8 15. Kh1 e6 16. Na4 Qc7 17. f4 Nxe4 18. Rae1 exd5 19. f5 Nf2+ 20. Rxf2 Rxe1+ 21. Rf1 Rxf1# 0-1

[Event "*** SCC Grand Prix: Titled Tuesday Blitz"]
[Site "Chess.com"]
[Date "2020.06.02"]
[Round "9"]
[White "levallem"]
[Black "chessbia"]
[Result "0-1"]
[WhiteElo "2189"]
[BlackElo "2120"]
[TimeControl "180+1"]
[EndTime "11:44:56 PDT"]
[Termination "chessbia won by resignation"]

1. d4 d5 2. c4 c6 3. cxd5 cxd5 4.
Nc3 Nf6 5. Nf3 a6 6. Bf4 Nc6 7. e3 Bg4 8. Rc1 e6 9. Bd3 Bd6 10. Bg3 O-O 11. O-O Rc8 12. a3 Na5 13. Rc2 b5 14. Ne5 Bxd1 15. Rxd1 Bxe5 16. Bxe5 Nc4 17. Bxc4 dxc4 18. f3 Nd5 19. Nxd5 exd5 20. Bf4 Re8 21. Re2 a5 22. Kf2 b4 23. axb4 axb4 24. Rc2 Qa5 25. Rdc1 h6 26. h4 Re6 27. h5 Qa2 28. g4 Qb3 29. Re2 Ra6 30. g5 hxg5 31.
Bxg5 Ra2 32. h6 gxh6 33. Bxh6 Rxb2 34. Rg1+ Kh7 35. Bf4 Rxe2+ 36. Kxe2 Qc2+ 37. Kf1 Ra8 38. Rh1+ 0-1

[Event "*** SCC Grand Prix: Titled Tuesday Blitz"]
[Site "Chess.com"]
[Date "2020.06.02"]
[Round "9"]
[White "gahryman"]
[Black "Papa12341234"]
[Result "1-0"]
[WhiteElo "2699"]
[BlackElo "2556"]
[TimeControl "180+1"]
[EndTime "11:44:57 PDT"]
[Termination "gahryman won by resignation"]

1. e4 c5 2. Nf3 d6 3. d4 Nf6 4. Nc3 cxd4 5. Nxd4 a6 6. Bg5 e6 7. Qe2 h6 8. Bxf6 Qxf6 9. O-O-O b5 10. g3 Bb7 11.
Bg2 Nd7 12. e5 dxe5 13. Bxb7 Rb8 14. Ne4 Qg6 15. Bc6 exd4 16. Rxd4 Rd8 17. Rhd1 Be7 18. Rxd7 Rxd7 19. Rxd7 O-O 20. Rxe7 f5 21. f4 fxe4 22. Qxe4 Qh5 23. Qe5 Qxe5 24. fxe5 Rf2 25. h4 Rf1+ 26. Kd2 Rg1 27. Rxe6 Rxg3 28. Be8 Kh7 29. h5 Rg2+ 30. Ke3 Rg3+ 31. Kf4 g5+ 32. hxg6+ Kg7 33. Kxg3 1-0

[Event "*** SCC Grand Prix: Titled Tuesday Blitz"]
[Site "Chess.com"]
[Date "2020.06.02"]
[Round "9"]
[White "DraG0s3L"]
[Black "GigaQuparadze"]
[Result "0-1"]
[WhiteElo "2510"]
[BlackElo "2813"]
[TimeControl "180+1"]
[EndTime "11:45:01 PDT"]
[Termination "GigaQuparadze won by resignation"]

1. Nf3 c5 2. b3 d6 3. Bb2 e5 4. e3 f5 5. d4 cxd4 6. exd4 e4 7. Nfd2 d5 8. c4 Nf6 9. Nc3 Bb4 10. Qc2 Nbd7 11.
cxd5 Nb6 12. Bc4 Nbxd5 13. Nxd5 Nxd5 14. O-O Be6 15. Nxe4 fxe4 16. Qxe4 Qd6 17. a3 Ba5 18. b4 Bc7 19. g3 O-O-O 20. Rac1 Kb8 21. Rfe1 Bf7 22.
Qe5 Qxe5 23. dxe5 Be6 24. f4 Bb6+ 25. Kg2 Nxf4+ 26. gxf4 Bxc4 27. Rxc4 Rd2+ 28. Kf3 Rxb2 29. f5 Rf2+ 30. Kg4 h5+ 31. Kg5 Rg2+ 32. Kh4 Rxh2+ 33. Kg3 Ra2 34. Ree4 h4+ 35. Kh3 Rxa3+ 36. Kg2 h3+ 37.
Kh2 Ra2+ 38. Kh1 Ra1+ 39. Kh2 Bg1+ 40. Kg3 h2 41. Rh4 h1=Q 42. Rxh1 Rxh1 43. f6 gxf6 44. exf6 Bh2+ 45. Kg2 Rag1+ 46. Kf2 Rf1+ 47. Kg2 Rhg1+ 48. Kxh2 Rg8 49. Re4 Rxf6 50. Rh4 Rff8 51. Rh5 Rh8 52. Rxh8 Rxh8+ 53. Kg3 Rh3+ 54. Kxh3 Kc7 55. Kg3 Kb6 56.
Kf3 Kb5 57. Ke3 Kxb4 58. Kd2 Kb3 59. Kc1 Ka2 60. Kc2 b5 61. Kc3 a5 62. Kd4 b4 63.
Kc4 b3 64. Kc3 b2 65. Kc4 b1=Q 66. Kc5 Qb8 67. Kc6 0-1

[Event "*** SCC Grand Prix: Titled Tuesday Blitz"]
[Site "Chess.com"]
[Date "2020.06.02"]
[Round "9"]
[White "Tenamu"]
[Black "mr65"]
[Result "1-0"]
[WhiteElo "2347"]
[BlackElo "2169"]
[TimeControl "180+1"]
[EndTime "11:45:02 PDT"]
[Termination "Tenamu won by resignation"]

1. d4 Nf6 2. Nc3 d5 3. Bf4 e6 4. Nb5 Na6 5. e3 c6 6. Nc3 Bd6 7. Qd2 O-O 8. O-O-O b5 9. f3 Bb4 10. g4 Ne8 11. Bd3 Nd6 12. Bxd6 Qxd6 13. Nge2 c5 14. Bxb5 Rb8 15. Ba4 Bd7 16. Bxd7 Qxd7 17. a3 Ba5 18. dxc5 Bxc3 19. Qxc3 Rfc8 20. b4 Nc7 21. Nd4 a5 22. Kd2 axb4 23. axb4 e5 24. Nf5 f6 25. Ke1 Nb5 26.
Qb3 g6 27. Rxd5 Qf7 28. Nh6+ 1-0

[Event "*** SCC Grand Prix: Titled Tuesday Blitz"]
[Site "Chess.com"]
[Date "2020.06.02"]
[Round "9"]
[White "kingnb"]
[Black "superchess02"]
[Result "0-1"]
[WhiteElo "2566"]
[BlackElo "2713"]
[TimeControl "180+1"]
[EndTime "11:45:09 PDT"]
[Termination "superchess02 won by resignation"]

1. e4 e5 2. Nf3 Nc6 3. Bc4 Bc5 4. c3 Nf6 5. d4 exd4 6. e5 d5 7.
Bb5 Ne4 8. cxd4 Bb4+ 9. Bd2 O-O 10. Bxb4 Nxb4 11. O-O Bg4 12. Nc3 f5 13. Rc1 Kh8 14. Be2 Nc6 15. Ne1 Bxe2 16. Nxe2 Qh4 17. Nd3 Nd8 18.
Rxc7 Ne6 19. Rc1 f4 20. f3 Ng3 21. hxg3 fxg3 22. Nxg3 Qxg3 23. Qe1 Qg6 24. Qf2 Qxd3 25. Rfd1 Qg6 26. Qd2 Rxf3 0-1

[Event "*** SCC Grand Prix: Titled Tuesday Blitz"]
[Site "Chess.com"]
[Date "2020.06.02"]
[Round "9"]
[White "Danfii"]
[Black "Rodalquilar"]
[Result "0-1"]
[WhiteElo "2430"]
[BlackElo "2612"]
[TimeControl "180+1"]
[EndTime "11:45:10 PDT"]
[Termination "Rodalquilar won by resignation"]

1. e4 d5 2. exd5 Qxd5 3. Nc3 Qa5 4. d4 Nf6 5. Nf3 Bf5 6. Bc4 e6 7. Bd2 Bb4 8. a3 Bxc3 9. Bxc3 Qb6 10. O-O Nc6 11.
a4 a5 12. Re1 O-O 13. Qe2 Rad8 14. Rad1 Be4 15. b3 Nb4 16. Bxb4 axb4 17. Ng5 Bf5 18.
Qe3 Bxc2 19. Rc1 Bf5 20. Nf3 c6 21. Ne5 Qxd4 22. Qg3 Ne4 23. Qf4 g5 24. Qe3 Qxe5 25. f3 Qd4 26. fxe4 Bxe4 27. Qxd4 Rxd4 28. Re3 Rfd8 29.
Rce1 Bg6 30. Rg3 h6 31. a5 Rd1 0-1

[Event "*** SCC Grand Prix: Titled Tuesday Blitz"]
[Site "Chess.com"]
[Date "2020.06.02"]
[Round "9"]
[White "GjakanTati"]
[Black "killer311"]
[Result "1-0"]
[WhiteElo "2624"]
[BlackElo "2408"]
[TimeControl "180+1"]
[EndTime "11:45:11 PDT"]
[Termination "GjakanTati won by resignation"]

1. d4 d5 2. c4 c6 3. Nf3 Nf6 4.
cxd5 cxd5 5. Bf4 Nc6 6. e3 a6 7.
Nc3 Bg4 8. Bd3 e6 9. O-O Bd6 10. Bxd6 Qxd6 11. Rc1 O-O 12. h3 Bh5 13. Na4 Ne4 14.
Nc5 Nxc5 15. dxc5 Qe7 16. a3 e5 17. Be2 Rad8 18. b4 d4 19. e4 d3 20. Bxd3 Nd4 21.
g4 Bg6 22. Nxd4 Rxd4 23. Qf3 Rfd8 24. Bc2 Qg5 25. Rcd1 h5 26. Kg2 hxg4 27. Qxg4 Qxg4+ 28. hxg4 Bxe4+ 29. Bxe4 Rxd1 30. Rxd1 Rxd1 31. Bxb7 Ra1 32.
Bxa6 Rxa3 33. b5 Rc3 34. c6 Kf8 35. Bb7 Ke7 36. b6 Kd6 37. c7 Kd7 38. Bd5 f6 39. Be4 Rb3 40. Bf5+ Ke7 41. c8=Q Rxb6 42. Qc7+ 1-0

[Event "*** SCC Grand Prix: Titled Tuesday Blitz"]
[Site "Chess.com"]
[Date "2020.06.02"]
[Round "9"]
[White "GelmanAlexander"]
[Black "14Sokol88"]
[Result "1-0"]
[WhiteElo "2548"]
[BlackElo "2414"]
[TimeControl "180+1"]
[EndTime "11:45:11 PDT"]
[Termination "GelmanAlexander won by resignation"]

1. c4 Nf6 2. Nf3 c5 3. e3 g6 4. Be2 Bg7 5. O-O O-O 6. d3 d5 7. cxd5 Nxd5 8. a3 Nc6 9. Nbd2 b6 10. Qc2 Bb7 11. Ne4 Rc8 12. Bd2 Qd7 13. Rac1 f5 14. Ng3 e5 15. Qb1 a5 16. Qc2 Kh8 17. Qb3 Rfd8 18.
Rfd1 Rb8 19. h4 Ba6 20. h5 Nce7 21. hxg6 hxg6 22. Ng5 a4 23. Qa2 Rf8 24. Rc4 Bxc4 25. Qxc4 Bf6 26. Qh4+ 1-0

[Event "*** SCC Grand Prix: Titled Tuesday Blitz"]
[Site "Chess.com"]
[Date "2020.06.02"]
[Round "9"]
[White "AniJak"]
[Black "NZT72"]
[Result "1/2-1/2"]
[WhiteElo "2268"]
[BlackElo "2400"]
[TimeControl "180+1"]
[EndTime "11:45:11 PDT"]
[Termination "Game drawn by repetition"]

1. e4 e5 2. Nc3 Nf6 3. g3 Nc6 4. Bg2 Bc5 5. d3 d6 6. Nge2 a6 7. O-O Nd4 8. Nxd4 Bxd4 9. Nd5 Nxd5 10. exd5 O-O 11. c3 Bb6 12. Be3 Bxe3 13. fxe3 f5 14.
e4 Qg5 15. exf5 Bxf5 16. Qe2 h5 17. Be4 Bh3 18. Bg2 Bxg2 19. Kxg2 h4 20. Rxf8+ Rxf8 21. Rf1 Rxf1 22. Qxf1 hxg3 23. hxg3 Qd2+ 24. Kh3 Qh6+ 25. Kg2 Qd2+ 26. Kh3 Qh6+ 27. Kg2 Qd2+ 1/2-1/2

[Event "*** SCC Grand Prix: Titled Tuesday Blitz"]
[Site "Chess.com"]
[Date "2020.06.02"]
[Round "9"]
[White "Oneofmyturns"]
[Black "neurisdr"]
[Result "0-1"]
[WhiteElo "2615"]
[BlackElo "2776"]
[TimeControl "180+1"]
[EndTime "11:45:15 PDT"]
[Termination "neurisdr won by resignation"]

1. d4 Nf6 2. c4 g6 3. Nc3 Bg7 4. e4 d6 5. h3 O-O 6. Be3 e5 7. d5 Nh5 8. g3 c6 9. Be2 a6 10. Bxh5 gxh5 11. Qxh5 f5 12. Bh6 b5 13.
Bxg7 Kxg7 14. cxb5 axb5 15. dxc6 Nxc6 16. Rd1 b4 17. Nd5 Rxa2 18. Ne2 Rxb2 19. Ne3 fxe4 20. Nc4 Rxe2+ 21. Qxe2 Nd4 22. Qxe4 Bf5 23. Qb7+ Rf7 24.
Qb6 Qc8 25. Nxd6 Qc3+ 26. Kf1 Qf3 27. Rxd4 Bxh3+ 0-1

[Event "*** SCC Grand Prix: Titled Tuesday Blitz"]
[Site "Chess.com"]
[Date "2020.06.02"]
[Round "9"]
[White "Gerasimenyuk_Miha"]
[Black "MalcolmPein"]
[Result "1-0"]
[WhiteElo "2357"]
[BlackElo "2216"]
[TimeControl "180+1"]
[EndTime "11:45:15 PDT"]
[Termination "Gerasimenyuk_Miha won by resignation"]

1. d4 Nf6 2. Nf3 b6 3. Bg5 Ne4 4. Bh4 Bb7 5. e3 g6 6. Nbd2 Bg7 7. Bd3 Nxd2 8. Qxd2 O-O 9. O-O-O d6 10. Bg5 h6 11.
Bf4 e5 12. dxe5 dxe5 13. Bxe5 Bxe5 14. Nxe5 Qd5 15. f4 Qxa2 16. c3 Nc6 17. Bc4 Qa1+ 18. Kc2 Qa4+ 19. Bb3 Qe4+ 20. Nd3 Ne5 21. fxe5 c5 22.
c4 Rad8 23. Kc1 b5 24. Bc2 Qc6 25. Qc3 b4 26. Qb3 a5 27. Nf4 a4 28. Qxa4 Qe4 29.
Bxe4 1-0

[Event "*** SCC Grand Prix: Titled Tuesday Blitz"]
[Site "Chess.com"]
[Date "2020.06.02"]
[Round "9"]
[White "bazar-wokzal"]
[Black "Xeniya2005"]
[Result "1-0"]
[WhiteElo "2412"]
[BlackElo "2301"]
[TimeControl "180+1"]
[EndTime "11:45:16 PDT"]
[Termination "bazar-wokzal won by checkmate"]

1. e4 e6 2. d4 d5 3. exd5 exd5 4.
Nf3 Bd6 5. c4 dxc4 6. Bxc4 Ne7 7. Ng5 Be6 8. Bxe6 fxe6 9. Nxe6 Bb4+ 10. Nc3 Qd6 11. Nxg7+ Kd8 12. Nh5 Nbc6 13. O-O Rg8 14. Bf4 Qg6 15. Bg3 Nf5 16. Nf4 Qf7 17. d5 Nce7 18.
Ne6+ Kc8 19. Bxc7 a5 20. Rc1 Kd7 21. Qa4+ Kc8 22. Ne4 Qg6 23. Bg3+ Nc6 24. Rxc6+ bxc6 25. Qxc6# 1-0

[Event "*** SCC Grand Prix: Titled Tuesday Blitz"]
[Site "Chess.com"]
[Date "2020.06.02"]
[Round "9"]
[White "ElGasanov"]
[Black "Munkhzul_Turmunkh"]
[Result "1-0"]
[WhiteElo "2747"]
[BlackElo "2597"]
[TimeControl "180+1"]
[EndTime "11:45:20 PDT"]
[Termination "ElGasanov won by resignation"]

1. d4 Nf6 2. Nf3 e6 3. Bg5 c5 4.
e3 d5 5. c3 Be7 6. Nbd2 O-O 7. Bd3 Nc6 8. Ne5 Nxe5 9. dxe5 Nd7 10. Bxe7 Qxe7 11. f4 f6 12. exf6 Qxf6 13. O-O b6 14. e4 Bb7 15. e5 Qh6 16. Qg4 Rae8 17. Rae1 Bc6 18. g3 b5 19. Nf3 a6 20. Ng5 d4 21.
cxd4 cxd4 22. Nxh7 Rf5 23. Ng5 Rff8 24. Rd1 Nc5 25.
Bh7+ Kh8 26. Rc1 Be4 27. Bxe4 Nxe4 28. Nxe4 d3 29. Rfd1 Rd8 30. Nd6 1-0

[Event "*** SCC Grand Prix: Titled Tuesday Blitz"]
[Site "Chess.com"]
[Date "2020.06.02"]
[Round "9"]
[White "FMOlexandrProhorov"]
[Black "DanielTitichoca"]
[Result "1-0"]
[WhiteElo "2109"]
[BlackElo "2300"]
[TimeControl "180+1"]
[EndTime "11:45:20 PDT"]
[Termination "FMOlexandrProhorov won by resignation"]

1. e4 c5 2. c3 e6 3. d4 cxd4 4. cxd4 d5 5. exd5 Nc6 6. dxc6 Qb6 7. Nc3 bxc6 8. Nf3 Nf6 9. Bd3 h5 10. O-O Bd6 11. Qe2 a5 12. Ne4 Nxe4 13. Qxe4 Bb7 14. Qe2 h4 15. h3 a4 16. Be3 Qd8 17.
Ne5 Ra5 18. Nc4 Rah5 19. Nxd6+ Qxd6 20. Rac1 Kf8 21. Rc5 g6 22. Rxh5 Rxh5 23. Rc1 Kg7 24. Rc5 Rh7 25. Qf3 f6 26. Qg4 f5 27. Qf4 Qd8 28.
Qe5+ Qf6 29. Bf4 g5 30. Bxg5 1-0

[Event "*** SCC Grand Prix: Titled Tuesday Blitz"]
[Site "Chess.com"]
[Date "2020.06.02"]
[Round "9"]
[White "BogdanDeac"]
[Black "Korchmar_Vasiliy"]
[Result "1-0"]
[WhiteElo "2913"]
[BlackElo "2597"]
[TimeControl "180+1"]
[EndTime "11:45:23 PDT"]
[Termination "BogdanDeac won by resignation"]

1. Nf3 d5 2. d4 Nf6 3. c4 e6 4. Nc3 Bb4 5. Bg5 h6 6. Bxf6 Qxf6 7. Qa4+ Nc6 8. e3 O-O 9. Rd1 Qg6 10. h4 a6 11. h5 Qf6 12. Qc2 dxc4 13. Bxc4 e5 14. d5 e4 15. Nd2 Ne5 16. Ncxe4 Qe7 17. a3 Bxd2+ 18. Nxd2 Bg4 19. Be2 Bxe2 20. Kxe2 c6 21.
dxc6 Rac8 22. Qe4 Rxc6 23. f4 Re6 24. fxe5 Rxe5 25. Qf4 Re8 26. Rh3 Re4 27. Nxe4 1-0

[Event "*** SCC Grand Prix: Titled Tuesday Blitz"]
[Site "Chess.com"]
[Date "2020.06.02"]
[Round "9"]
[White "MiroVlasenko"]
[Black "Baron_von_Koenig"]
[Result "1-0"]
[WhiteElo "2616"]
[BlackElo "2430"]
[TimeControl "180+1"]
[EndTime "11:45:23 PDT"]
[Termination "MiroVlasenko won by resignation"]

1. e4 d5 2. exd5 Qxd5 3. Nc3 Qd6 4. g3 Nf6 5. Bg2 Nc6 6. Nge2 Bf5 7. O-O O-O-O 8. d3 e5 9. a3 Qd7 10. Re1 Bh3 11. Bh1 Ng4 12. Ne4 f6 13. b4 h5 14.
f3 Nh6 15. Be3 Nf5 16. Bf2 h4 17. g4 Nfd4 18. Nxd4 Nxd4 19. c3 Ne6 20. d4 f5 21. Nc5 Bxc5 22. bxc5 fxg4 23. Rxe5 gxf3 24. Qxf3 Rdf8 25. Qxh3 Rh6 26. Be4 Nxc5 27. Bf5 Rg6+ 28. Kf1 Rxf5 29. Qxf5 1-0